 Dungeon Crawl Stone Soup version 0.24-a0-366-gc1c896e988 (webtiles) character file.

Game seed: 6435599496880929933

377 HAL9000 the Cutter (level 6, -2/30 HPs)
             Began as a Vine Stalker Assassin on May 28, 2019.
             Slain by Natasha (5 damage)
             ... on level 3 of the Dungeon.
             The game lasted 00:06:57 (3958 turns).

HAL9000 the Cutter (Vine Stalker Assassin)          Turns: 3958, Time: 00:06:58

Health: -2/30      AC:  4    Str: 16    XL:     6   Next: 73%
Magic:  0/7        EV: 11    Int: 11    God:
Gold:   190        SH:  0    Dex: 15    Spells: 5/5 levels left

rFire    . . .     SeeInvis .   z - +0 short sword (drain)
rCold    . . .     Gourm    .   (no shield)
rNeg     . . .     Faith    .   k - +0 leather armour
rPois    .         Spirit   +   (no helmet)
rElec    .         Reflect  .   c - +0 cloak
rCorr    .         Harm     .   (no gloves)
MR       .....                  (no boots)
Stlth    +++.......             (no amulet)
HPRegen  0.50/turn              (no ring)
MPRegen  0.10/turn              (no ring)

@: no status effects
A: fangs 2, regeneration 1, magic shield, antimagic bite, no potion heal 3, rot
immunity
a: no special abilities


You were on level 3 of the Dungeon.
You were not hungry.

You visited 1 branch of the dungeon, and saw 4 of its levels.

You collected 190 gold pieces.

Inventory:

Hand Weapons
 a - a +2 dagger
 h - a +0 dagger of protection
 w - a +1 dagger of venom
 z - a +0 short sword of draining (weapon)
Missiles
 d - 25 poisoned darts (quivered)
 e - 2 curare-tipped darts
 q - 2 throwing nets
 s - 2 boomerangs
Armour
 c - a +0 cloak (worn)
 k - a +0 leather armour (worn)
Scrolls
 g - a scroll of magic mapping {unknown}
 j - 3 scrolls of fog {unknown}
 l - 3 scrolls of fear {unknown}
 m - 4 scrolls of remove curse {unknown}
 o - 4 scrolls of identify {unknown}
 t - a scroll of enchant weapon {unknown}
 u - a scroll of blinking {unknown}
 y - a scroll of teleportation {unknown}
Potions
 b - a potion of ambrosia {unknown}
 i - a potion of cancellation {unknown}
 n - 2 potions of might {unknown}
 p - a potion of flight {unknown}
 r - a potion of curing {unknown}
 v - 2 potions of brilliance {unknown}
 x - a potion of mutation {unknown}
 A - a potion of heal wounds {unknown}
Comestibles
 f - 9 rations
 B - 4 chunks of flesh


   Skills:
 - Level 1.7 Fighting
 + Level 6.3 Short Blades
 - Level 1.7 Throwing
 - Level 0.7 Dodging
 - Level 4.8 Stealth


You had 5 spell levels left.
You didn't know any spells.
Your spell library was empty.

Dungeon Overview and Level Annotations

Branches:
Dungeon (4/15)
 Temple: D:4-7

Altars:

Annotations:
D:3 Natasha


Innate Abilities, Weirdness & Mutations

You have extremely sharp teeth.
Your natural rate of healing is unusually fast.
When hurt, damage is shared between your health and your magic reserves.
Your bite disrupts and absorbs the magic of your enemies.
Potions cannot restore your health.
You are immune to rotting.


Message History

No target in view!
No target in view!
No target in view!
HP restored.
An ogre comes into view. It is wielding a +0 giant club.
An ogre is nearby!
The ogre hits you with a +0 giant club!!
Ouch! That really hurt!
* * * LOW HITPOINT WARNING * * *
You are too injured to fight recklessly!
Unknown command.
There is an escape hatch in the ceiling here.
The ogre hits you with a +0 giant club!
* * * LOW HITPOINT WARNING * * *
A mysterious force pulls you upwards. The hatch slams shut behind you.
Natasha, Servant of Life and Death comes into view.
Okay, then.
Natasha hisses angrily.
Natasha claws you.
You die...

###########
#.........#
#.#######.# ######.#
##.## ....##.#
##...## ###.##.#
#....h### #.##.#
#....@O.# #.##.#
#.....#.# ###.##.#
##...##.# .##.##.#
######.#
.##.##.###########.#
.#...[.............#
.#..##.##########..#
.#..##.# #..#
.#..##.#
####[.######


You could see an ogre and Natasha.

Vanquished Creatures
  A jelly (D:4)
  A hound (D:4)
  An orc priest (D:4)
  2 worker ants (D:4)
  Natasha (twice) (D:3)
  5 gnolls (D:2)
  5 adders
  2 oozes
  A worm (D:2)
  2 dart slugs (D:1)
  3 leopard geckos
  5 orcs (D:4)
  3 giant cockroaches
  14 goblins
  2 hobgoblins
  10 kobolds
  2 quokkas (D:3)
  2 ball pythons
  10 bats
  10 rats
83 creatures vanquished.

Notes
Turn   | Place    | Note
-------+----------+-------------------------------------------
     0 | D:1      | HAL9000 the Vine Stalker Assassin began the quest for the
                  | Orb.
     0 | D:1      | Reached XP level 1. HP: 11/11 MP: 2/2
    17 | D:1      | Reached skill level 2 in Short Blades
    62 | D:1      | Reached XP level 2. HP: 14/15 MP: 1/3
   295 | D:1      | Reached skill level 3 in Short Blades
   299 | D:1      | Reached XP level 3. HP: 13/18 MP: 2/4
  1465 | D:2      | Gained mutation: Your natural rate of healing is unusually
                  | fast. [Vine Stalker growth]
  1465 | D:2      | Reached XP level 4. HP: 23/23 MP: 5/5
  1503 | D:2      | Reached skill level 4 in Short Blades
  1812 | D:2      | Reached XP level 5. HP: 20/26 MP: 6/6
  2695 | D:3      | Noticed Natasha
  2704 | D:3      | Killed Natasha
  2704 | D:3      | Reached skill level 5 in Short Blades
  2970 | D:3      | Noticed Natasha
  3134 | D:3      | Killed Natasha
  3236 | D:4      | Reached XP level 6. HP: 30/30 MP: 7/7
  3455 | D:4      | Reached skill level 6 in Short Blades
  3782 | D:4      | Noticed a phantom
  3954 | D:4      | HP: 1/30 [ogre/+0 giant club (14)]
  3955 | D:3      | Noticed Natasha
  3958 | D:3      | Slain by Natasha

Levels and vault maps discovered:
D:1:      dpeg_arrival_connections, layout_rooms, serial_forest,
          infiniplex_forest_lined_3_way, infiniplex_forest_straight_2,
          infiniplex_forest_clump_diagonal, infiniplex_forest_lined_room_3,
          infiniplex_forest_corner_1, infiniplex_forest_straight_1,
          roderic_lattice_a, st_stairs_1, hangedman_decor_clover_reticule
D:2:      layout_basic
D:3:      layout_loops_ring, uniq_natasha
D:4:      layout_basic, nicolae_qazlal_general_emergency,
          minmay_temple_entry_sparse_star, first_ration

Skill      XL: |  1  2  3  4  5  6 |
---------------+-------------------+-----
Short Blades   | 2 3 4 5 6 |  6.3
Fighting       | |  1.7
Throwing       | |  1.7
Dodging        | |  0.7
Stealth        | |  4.8

Action                   |  1- 3 |  4- 6 || total
-------------------------+-------+-------++-------
Melee: Dagger            |   140 |   178 ||   318
       Bite              |    35 |    49 ||    84
       Short sword       |       |     7 ||     7
Throw: Dart              |       |    10 ||    10
 Stab: Sleeping          |     9 |     9 ||    18
       Distracted        |     1 |       ||     1
  Eat: Chunk             |     2 |     8 ||    10
Armor: Robe              |    63 |       ||    63
       Leather armour    |    11 |    51 ||    62
Dodge: Dodged            |   117 |    78 ||   195

Table legend:
 A = Non-vault XP
 B = Vault XP
 C = Vault XP percentage of total XP
 D = Non-vault monster count
 E = Vault monster count
 F = Vault count percentage of total count
                 A         B        C        D         E       F
            +---------+---------+-------+---------+---------+-------
      Total |     498 |      41 |   7.6 |      79 |       4 |   4.8
            +---------+---------+-------+---------+---------+-------
        D:1 |      48 |       5 |   9.4 |      28 |       3 |   9.7
        D:2 |     144 |       0 |   0.0 |      23 |       0 |   0.0
        D:3 |      67 |      36 |  35.0 |      16 |       1 |   5.9
        D:4 |     239 |       0 |   0.0 |      12 |       0 |   0.0
            +---------+---------+-------+---------+---------+-------
